AoeStats
← 阿多卡獵陶

Fortress

509860614Analyzed
4v4 RM · 4d ago on Sep 28, 2026· 7m 59s· 8 players
Game mode
Random Map
Map size
Huge
Population
200
Speed
Normal
Resources
Standard
Victory
Conquest
Starting age
Dark Age
Ending age
Imperial Age
RankedLock teamsTeams togetherTeam positionsShared explorationLock speedFull tech treeHidden civsTurbo modeCheats
Victory
Defeat
🇨🇿 Malians · Czechia
1093
+15
🇦🇺 Inca · Australia
1013
+19
🇦🇺 Varangians · Australia
1011
+19
🇦🇺 Danes · Australia
955
+20
🇨🇳 Koreans · China
1106
-20
🇨🇳 Chinese · China
1093
-19
🇳🇿 Celts · New Zealand
1046
-29
🇹🇼 Magyars · Taiwan
1045
-17
阿多卡獵陶
bryan
7:34 Feudal Age
tugou
370885147
0:44 Loom
7:16 Feudal Age
ZecK01
1:03 Loom
1:57 Loom
2:43 Loom
3:35 Loom
7:45 Feudal Age
6:02 Loom
Sad Man
8:34 Feudal Age
Crab
5:12 Loom
6:58 Feudal Age
Mahram
8:08 Feudal Age
6:26 Loom
Connection lost

Rejoining the realm…

Still unreachable

The connection could not be restored.

Session expired

The server has moved on; the page needs a fresh start.